 Dungeon Crawl Stone Soup version 0.17.1-3-g152610e (webtiles) character file.

56 mrath the Chopper (level 3, 0/31 HPs)
             Began as a Draconian Wanderer on Mar 21, 2016.
             Killed by divine providence
             ... invoked by an orc priest
              (10 damage)
             ... on level 2 of the Dungeon.
             The game lasted 00:08:08 (1614 turns).

mrath the Chopper (Draconian Wanderer)              Turns: 1614, Time: 00:08:09

Health: 0/31       AC:  6    Str: 15    XL:     3   Next: 71%
Magic:  3/3        EV: 11    Int: 12    God:
Gold:   74         SH:  0    Dex: 10    Spells: 0 memorised, 2 levels left

rFire  . . .     SeeInvis .     a - +2 hand axe
rCold  . . .     Clarity  .     (armour unavailable)
rNeg   . . .     SustAt   .     (no shield)
rPois  .         Gourm    .     (helmet restricted)
rElec  .         Spirit   .     r - +0 cloak
rCorr  .         Warding  .     (no gloves)
rMut   .         Stasis   .     (no boots)
MR     .....                    (no amulet)
Stlth  ++........               (no ring)
                                (no ring)

@: not resistant to hostile enchantments, unstealthy
A: unfitting armour, cold-blooded, AC +5
a: no special abilities


You were on level 2 of the Dungeon.
You were not hungry.

You visited 1 branch of the dungeon, and saw 3 of its levels.

You collected 74 gold pieces.

Inventory:

Hand Weapons
 a - a +2 hand axe (weapon)
 b - a +0 mace
 h - a +0 spear
Missiles
 e - 26 sling bullets
 i - 23 stones (quivered)
 p - 5 tomahawks
Armour
 r - a +0 cloak (worn)
Jewellery
 g - an uncursed amulet of stasis {unknown}
 u - an uncursed amulet of stasis {unknown}
Scrolls
 k - a scroll of enchant armour {unknown}
 n - a scroll of recharging {unknown}
 s - a scroll of identify {unknown}
Potions
 c - a potion of lignification
 f - 2 potions of cure mutation {unknown}
 l - a potion of brilliance {unknown}
 q - a potion of haste {unknown}
 t - a potion of magic {unknown}
Comestibles
 d - 3 bread rations
 j - a beef jerky
 m - 2 chunks of flesh
 o - a slice of pizza


   Skills:
 + Level 3.1 Fighting
 + Level 6.2 Axes
 + Level 1.1 Dodging
 + Level 1.8 Stealth
   Level 1.0 Evocations


You had 2 spell levels left.
You didn't know any spells.

Dungeon Overview and Level Annotations

Branches:
Dungeon (3/15)

Altars:


Innate Abilities, Weirdness & Mutations

Your plain brown scales are hard (AC +5).
Your body does not fit into most forms of armour.
You are cold-blooded and may be slowed by cold attacks.


Message History

You kill the orc!
You closely miss the orc priest.
You tail-slap the orc priest, but do no damage.
The orc priest is moderately wounded.
The orc priest looks braver for a moment.
You barely miss the orc priest.
Your tail-slap misses the orc priest.
The orc priest is moderately wounded.
The orc priest hits you but does no damage.
You barely miss the orc priest.
The orc priest is moderately wounded.
The orc priest barely misses you.
You hit the orc priest but do no damage.
Your tail-slap misses the orc priest.
The orc priest is moderately wounded.
The orc priest hits you but does no damage.
You hit the orc priest.
Your tail-slap misses the orc priest.
The orc priest is heavily wounded.
The orc priest calls down the wrath of Beogh upon you.
Something smites you!
You die...

....##...............#
.........#...........#
.........#.....).....#
#.....÷..#...........#
#.#+##......##...#####
............##...#########
............##...[.......#
................o........#
................@.)......#
..............##)).......#
..............##.........#
........##....##.........#
###.#...##.÷..##.........#
###.#...##....##.........#
....#...##....##.........##
....#...##...###..........#
....#...#.................#


You could see an orc priest.

Vanquished Creatures
  2 adders (D:2)
  2 worms (D:2)
  2 orcs (D:2)
  5 bats
  2 giant cockroaches
  3 hobgoblins (D:2)
  2 kobolds (D:1)
  2 giant geckos (D:2)
  A giant newt (D:2)
  4 goblins (D:2)
  5 rats
30 creatures vanquished.

Notes
Turn   | Place    | Note
--------------------------------------------------------------
     0 | D:1      | mrath the Draconian Wanderer began the quest for the Orb.
     0 | D:1      | mrath set off with: a +2 hand axe, a +0 mace, a potion of lignification, a bread ration
     0 | D:1      | Reached XP level 1. HP: 17/17 MP: 1/1
   469 | D:1      | Reached XP level 2. HP: 25/25 MP: 2/2
  1152 | D:2      | Reached XP level 3. HP: 30/30 MP: 3/3
  1160 | D:2      | Reached skill level 1 in Dodging
  1614 | D:2      | Killed from afar by an orc priest

Action                   || total
-------------------------++-------
Melee: Hand axe          ||    93
  Eat: Chunk             ||     2
